 Dungeon Crawl Stone Soup version 0.20.0-15-g7f486f2 (webtiles) character file.

229 greprep the Grave Robber (level 5, 0/42 HPs)
             Began as a Deep Elf Necromancer on June 18, 2017.
             Succumbed to Malak's ghost's sting
             ... on level 3 of the Dungeon.
             The game lasted 00:07:53 (2912 turns).

greprep the Grave Robber (Deep Elf Necromancer)     Turns: 2912, Time: 00:07:54

Health: 0/42       AC: 22    Str:  5    XL:     5   Next: 71%
Magic:  14/15      EV:  2    Int: 21    God:
Gold:   76         SH:  0    Dex: 15    Spells: 9/16 levels left

rFire    . . .     SeeInvis .   (no weapon)
rCold    . . .     Gourm    .   (no shield)
rNeg     + + +     Faith    .   (armour currently unavailable)
rPois    +         Spirit   .   (helmet currently unavailable)
rElec    .         Reflect  .   (cloak currently unavailable)
rCorr    .         Harm     .   (gloves currently unavailable)
MR       .....     NoTele   +   (boots currently unavailable)
Stlth    ++........             (no amulet)
Regen    0.2/turn               (no ring)
MPRegen  0.2/turn               (no ring)

@: lethally poisoned (0 -> -19), tree-form, very slightly contaminated,
invisible
A: no striking features
a: no special abilities


You were on level 3 of the Dungeon.
You were near starving.
You were a tree.
You visited 1 branch of the dungeon, and saw 3 of its levels.

You collected 76 gold pieces.

Inventory:

Armour
 a - a +0 robe
 i - a +0 pair of gloves (melded)
 m - a +2 hat (melded)
 p - a +2 robe of cold resistance (melded)
Scrolls
 h - a scroll of identify
 n - a scroll of teleportation {unknown}
Potions
 o - 3 potions of mutation
Books
 b - a book of Necromancy

   Spells                             Type                      Level
   a - Pain                           Necromancy                   1
   b - Animate Skeleton               Necromancy                   1
   c - Vampiric Draining              Necromancy                   3
   d - Regeneration                   Charms/Necromancy            3
   e - Animate Dead                   Necromancy                   4
   f - Control Undead                 Necromancy                   4
Comestibles
 c - 2 bread rations
 f - 3 fruits
 g - a meat ration


   Skills:
 - Level 2.4 Dodging
 - Level 2.4 Stealth
 + Level 6.0 Spellcasting
 + Level 6.9 Necromancy


You had 9 spell levels left.
You knew the following spells:

 Your Spells              Type           Power        Failure   Level  Hunger
a - Pain                  Necr           ####         1%          1    None
b - Vampiric Draining     Necr           #####.....   1%          3    ##.....
c - Regeneration          Chrm/Necr      ###.......   7%          3    ##.....


Dungeon Overview and Level Annotations

Branches:
Dungeon (3/15)

Altars:
Okawaru

Annotations:
D:3 Malak's ghost, amateur SpVM


Message History

The sting hits you!
You are more poisoned.
You resist.
You barely miss Malak's ghost.
Malak's ghost is severely damaged.
You feel sick.
Malak's ghost gestures at you while chanting.
The sting hits you! You resist.
Unknown command.
You barely miss Malak's ghost.
Malak's ghost is severely damaged.
You feel sick. Malak's ghost casts a spell at you. The sting hits you!
You are lethally poisoned!
You resist.
You closely miss Malak's ghost.
Malak's ghost is severely damaged.
Your skin stops crawling.
You die...

#...###.#
##.#.###
##....##.#
####....#
.........+
+.......###
##....####
####......#
#.#.## ##.###.#
#.### #####.#
#.# #....# #.#
##+######
#.#### #.#
#.§§♣W§.# #.#
.# #.§####.#
#.# #(.## #.#
#.#
####...###.#
#.#
.........#.#
#.# #...#.#.#
#.#
#.......#####.#
##W##.........#
#)############


You could see Malak's ghost.

Vanquished Creatures
  Sigmund (D:3)
  3 adders (D:2)
  A dart slug (D:1)
  2 leopard geckos (D:1)
  4 orcs (D:3)
  3 goblins
  6 hobgoblins
  4 jackals (D:3)
  A quokka (D:3)
  2 bats (D:1)
  3 frilled lizards (D:1)
  7 kobolds
  5 rats
42 creatures vanquished.

Notes
Turn   | Place    | Note
-------+----------+-------------------------------------------
     0 | D:1      | greprep the Deep Elf Necromancer began the quest for the Orb.
     0 | D:1      | Reached XP level 1. HP: 10/10 MP: 6/6
    74 | D:1      | Reached skill level 5 in Necromancy
   215 | D:1      | Reached XP level 2. HP: 8/15 MP: 0/8
  1509 | D:2      | Reached XP level 3. HP: 10/19 MP: 4/10
  1514 | D:2      | Learned a level 3 spell: Vampiric Draining
  2176 | D:3      | Found an iron altar of Okawaru.
  2265 | D:3      | Reached XP level 4. HP: 18/24 MP: 1/12
  2778 | D:3      | Noticed Sigmund
  2784 | D:3      | Learned a level 3 spell: Regeneration
  2845 | D:3      | Killed Sigmund
  2845 | D:3      | Reached XP level 5. HP: 13/28 MP: 4/15
  2878 | D:3      | Noticed Malak's ghost (amateur SpVM)
  2905 | D:3      | HP: 2/42 [poisoned by Malak's ghost (sting)]
  2910 | D:3      | HP: 2/42 [poisoned by Malak's ghost (sting)]
  2912 | D:3      | Succumbed to Malak's ghost's sting

Skill      XL: |  1  2  3  4 |
---------------+-------------+-----
Necromancy     | 5 6 |  6.9
Spellcasting   | 4 6 |  6.0
Dodging        | |  2.4
Stealth        | |  2.4

Action                   |  1- 3 |  4- 6 || total
-------------------------+-------+-------++-------
Melee: Unarmed           |       |    15 ||    15
 Cast: Pain              |    57 |    13 ||    70
       Vampiric Draining |     4 |     2 ||     6
       Regeneration      |       |     3 ||     3
  Use: Scroll            |       |     3 ||     3
       Potion            |       |     3 ||     3
  Eat: Chunk             |     3 |     1 ||     4
       Fruit             |       |     1 ||     1
Armor: Robe              |     2 |     4 ||     6
       Skin              |       |    16 ||    16
Dodge: Dodged            |    10 |     3 ||    13
